 Dungeon Crawl Stone Soup version 0.29.1-15-g9cfb28693d (webtiles) character file.

Game seed: 3745845493585331094

807 croobank the Covert (level 7, -4/50 HPs)
             Began as an Octopode Delver on Mar 14, 2023.
             Was an Initiate of Gozag.
             Killed from afar by Maggie (27 damage)
             ... with a bolt of fire
             ... on level 6 of the Dungeon.
             The game lasted 00:16:15 (5921 turns).

croobank the Covert (Octopode Delver)               Turns: 5921, Time: 00:16:16

Health: -4/50      AC:  1    Str: 11    XL:     7   Next: 92%
Magic:  7/7        EV: 14    Int: 14    God:    Gozag
Gold:   382        SH:  0    Dex: 14    Spells: 6/6 levels left

rFire   . . .      SeeInvis .   a - +4 club (spect)
rCold   . . .      Faith    .   (no shield)
rNeg    . . .      Spirit   .   (helmet restricted)
rPois   .          Reflect  .   (no amulet)
rElec   .          Harm     .   f - ring of flight
rCorr   .          Rampage  .   i - ring of willpower
Will    +....                   (no ring)
Stlth   +++++.....              (no ring)
HPRegen 0.16/turn               (no ring)
MPRegen 0.10/turn               (no ring)
                                (no ring)
                                (no ring)

@: flying
A: almost no armour, amphibious, 8 rings, camouflage 1, gelatinous body 1,
(nimble swimmer 1), tentacles
a: Renounce Religion, Potion Petition, Call Merchant, Bribe Branch


You were on level 6 of the Dungeon.
You worshipped Gozag.
Gozag was aware of your devotion.
You visited 2 branches of the dungeon, and saw 7 of its levels.

You collected 536 gold pieces.
You paid 154 gold pieces to Gozag.

Inventory:

Hand Weapons
 a - a +4 spectral club (weapon)
 b - a +0 sling of freezing
 c - a +2 hand axe of flaming
 m - a +2 mace of draining
 p - a +0 dagger
 q - a +1 antimagic dagger
 r - a +0 short sword
 y - a +0 trident
 z - a +0 war axe
 A - a +0 long sword
Jewellery
 f - a ring of flight (left tentacle)
 i - a ring of willpower (right tentacle)
Wands
 e - a wand of digging (7)
 x - a wand of polymorph (6)
 F - a wand of mindburst (3)
Scrolls
 g - 3 scrolls of fog
 h - 4 scrolls of teleportation
 l - a scroll of immolation
 n - a scroll of blinking {unknown}
 s - 2 scrolls of torment {unknown}
 w - a scroll of magic mapping
 C - a scroll of noise {unknown}
 E - a scroll of identify
 G - a scroll of brand weapon {unknown}
Potions
 d - a potion of haste
 j - 2 potions of mutation
 k - a potion of flight {unknown}
 o - 2 potions of attraction {unknown}
 t - 2 potions of curing
 v - 3 potions of magic {unknown}
 D - 2 potions of brilliance {unknown}


   Skills:
 + Level 5.2 Fighting
 + Level 4.6 Dodging
 + Level 9.0 Stealth
 + Level 4.6 Unarmed Combat


You had 6 spell levels left.
You didn't know any spells.
Your spell library was empty.

Dungeon Overview and Level Annotations

Branches:
Dungeon (6/15)             Temple (1/1) D:4

Altars:
Ashenzari
Dithmenos
Elyvilon
Fedhas
Gozag
Hepliaklqana
Kikubaaqudgha
Makhleb
Nemelex Xobeh
Okawaru
Ru
Sif Muna
Uskayaw
Vehumet
Wu Jian
Yredelemnul
The Shining One

Annotations:
D:5 2 transporters, mongooserunner's ghost, novice TeHu
D:6 Maggie


Innate Abilities, Weirdness & Mutations

You cannot wear most types of armour.
You are amphibious.
You can wear up to eight rings at the same time.
Your skin changes colour to match your surroundings (Stealth+).
Your rubbery body absorbs attacks. (AC +1, EV +1)
((You are camouflaged when in or above water. (Stealth+)))
You have tentacles for arms and can constrict up to eight enemies at once.


Message History

You now have 380 gold pieces (gained 3).
You now have 382 gold pieces (gained 2).
You start resting.
A scorpion comes into view.
Things that are here:
a +0 hand axe; a +0 leather armour
Things that are here:
a +2 mace of draining; a +0 chain mail
m - a +2 mace of draining You see here a +0 mace.
Maggie shouts!
Maggie mumbles the words to a spell, but in the wrong order.
Maggie zaps a wand.
The puff of flame misses you.
There is a stone staircase leading up here.
Aiming: Mindburst
Press: ? - help, Shift-Dir - straight line, f - Maggie
Aim: Maggie, wielding a +2 scimitar of flaming, wearing +0 steam dragon scales and carrying a wand of flame (23) (chance to affect: 64%) Maggie's mind is blasted!
You hear a shout!
Aiming: Mindburst
Press: ? - help, Shift-Dir - straight line, f/p - Maggie
Aim: Maggie, wielding a +2 scimitar of flaming, wearing +0 steam dragon scales and carrying a wand of flame (23) (moderately wounded, chance to affect: 64%) Maggie's mind is blasted!
Aiming: Mindburst
Press: ? - help, Shift-Dir - straight line, f/p - Maggie
Aim: Maggie, wielding a +2 scimitar of flaming, wearing +0 steam dragon scales and carrying a wand of flame (23) (heavily wounded, chance to affect: 64%) Maggie struggles to resist.
Maggie casts a spell.
Maggie attempts to bespell you! You resist with some effort.
Aiming: Mindburst
Press: ? - help, Shift-Dir - straight line, f/p - Maggie
Aim: Maggie, wielding a +2 scimitar of flaming, wearing +0 steam dragon scales and carrying a wand of flame (23) (heavily wounded, chance to affect: 64%) Maggie struggles to resist.
Maggie points at you and mumbles some strange words.
The bolt of fire hits you!! Maggie gestures at you while chanting.
The bolt of fire hits you!!
Ouch! That really hurt!
You die...
Your body crumbles into a pile of gold.

#.. #.$.# #.###
######### #.#
........# #.#
#######.# #.# #.#
#.# #.########.###.#
#s##
#.........#....#
#..# ##########@#
##.# #.# #.# #<# #.#
#@# #)# #5# #.# #.#
#.#
######.##########[#
..............)....#
#..5....############


You could see Maggie and an ufetubus.

Vanquished Creatures
  Grinder (D:3)
  2 ogres (D:4)
  An oklob sapling (D:4)
  A jelly (D:5)
  An orc priest (D:4)
  A hound (D:4)
  Terence (D:2)
  An iguana (D:4)
  Ijyb (D:3)
  3 orc wizards (D:6)
  Robin (D:3)
  3 adders
  A shadow imp (D:6)
  An ufetubus (D:6)
  A worm (D:3)
  10 dart slugs
  11 orcs
  6 ball pythons
  9 bats
  5 endoplasms
  3 giant cockroaches
  5 hobgoblins
  4 jackals (D:2)
  6 kobolds
  5 quokkas
  2 frilled lizards
  14 goblins
  11 rats
111 creatures vanquished.

Vanquished Creatures (others)
  18 plants (D:4)
18 creatures vanquished.

Grand Total: 129 creatures vanquished

Notes
Turn   | Place    | Note
-------+----------+-------------------------------------------
     0 | D:5      | croobank the Octopode Delver began the quest for the Orb.
     0 | D:5      | Reached XP level 1. HP: 16/16 MP: 1/1
    52 | D:5      | Noticed a jelly
    97 | D:6      | Reached XP level 2. HP: 21/21 MP: 2/2
   127 | D:6      | Noticed an ice beast
   271 | D:6      | Noticed Maggie
   348 | D:6      | Noticed an ice beast
   376 | D:5      | Noticed an acid dragon
   378 | D:5      | Noticed mongooserunner's ghost (novice TeHu)
   389 | D:5      | Found a transporter.
   398 | D:5      | Found a transporter.
   446 | D:5      | Noticed an ice beast
   538 | D:4      | Noticed an ice beast
   539 | D:4      | Noticed an oklob sapling
   542 | D:4      | Found a staircase to the Ecumenical Temple.
   588 | D:3      | Reached XP level 3. HP: 26/26 MP: 3/3
   881 | D:2      | Noticed Terence
   928 | D:1      | Reached skill level 7 in Stealth
  1088 | D:1      | Found a faded altar of an unknown god.
  1530 | D:1      | Reached XP level 4. HP: 31/31 MP: 4/4
  2829 | D:3      | Noticed Ijyb
  2844 | D:3      | Noticed Grinder
  2856 | D:3      | HP: 1/32 [Grinder (11)]
  2858 | D:3      | Killed Grinder
  2859 | D:3      | Reached XP level 5. HP: 23/37 MP: 1/5
  2859 | D:3      | Reached XP level 6. HP: 27/43 MP: 2/6
  2977 | D:3      | Killed Ijyb
  3237 | D:3      | Noticed Robin
  3247 | D:3      | Killed Robin
  3248 | D:3      | Reached skill level 8 in Stealth
  3537 | D:3      | Found an ornate altar of the Wu Jian Council.
  3676 | D:2      | Killed Terence
  4207 | D:4      | Reached XP level 7. HP: 28/49 MP: 7/7
  4349 | Temple   | Entered the Ecumenical Temple
  4365 | Temple   | Became a worshipper of Gozag Ym Sagoz the Greedy
  4880 | D:4      | Reached skill level 5 in Fighting
  5130 | D:4      | Found a hide-covered altar of Uskayaw.
  5130 | D:4      | Found an iron altar of Okawaru.
  5661 | D:6      | Reached skill level 9 in Stealth
  5921 | D:6      | Killed from afar by Maggie

Illustrated notes

Levels and vault maps discovered:
D:1:      dpeg_arrival_circle_labyrinth_a, layout_basic,
          hellmonk_ecumenical_altar_arch_garden, hangedman_decor_points,
          st_stairs_2, minmay_misc_feat_five, minmay_rat_gold_closets
D:2:      layout_basic, uniq_terence
D:3:      layout_basic, nicolae_wu_jian_glorious_leap, item_on_display_a,
          uniq_ijyb, uniq_robin, uniq_grinder
D:4:      kennysheep_slugbush, layout_loops_ring,
          mainiacjoe_overflow_divided_tiny, minmay_temple_entry_oklob
D:5:      layout_basic, gammafunk_ghost_arena, serial_bayou_ford_a, uniq_duvessa
D:6:      layout_loops_ring, serial_park_tiny_pond, uniq_maggie
Temple:   nicolae_temple_ecumenical_triangle

Skill      XL: |  1  2  3  4  5  6  7 |
---------------+----------------------+-----
Stealth        | 7 8 9 |  9.0
Fighting       | 4 5 |  5.2
Dodging        | 3 4 |  4.6
Unarmed Combat | 3 4 |  4.6

Action                   |  1- 3 |  4- 6 |  7- 9 || total
-------------------------+-------+-------+-------++-------
Melee: Unarmed           |    59 |    42 |       ||   101
       Constrict         |    17 |    30 |    15 ||    62
       Tentacles         |    12 |    19 |    14 ||    45
       Punch             |     2 |     8 |     1 ||    11
       Dagger            |       |    17 |       ||    17
       Club              |       |    51 |    38 ||    89
 Fire: Sling             |    11 |       |       ||    11
Evoke: Wand              |       |     1 |     5 ||     6
  Use: Scroll            |     1 |     6 |     3 ||    10
       Potion            |       |     1 |     1 ||     2
 Stab: Sleeping          |    16 |    26 |     5 ||    47
Armor: Skin              |     6 |     5 |       ||    11
Dodge: Dodged            |    42 |    56 |    14 ||   112
